 Dungeon Crawl Stone Soup version 0.31.0-9-g3a7656b989 (webtiles) character file.

Game seed: 16674937332886462864

42 qw the Shooter (level 3, -1/20 HPs)
             Began as a Deep Elf Hunter on Feb 3, 2024.
             Slain by a goblin
             ... wielding a +0 dagger
             ... led by Robin
              (2 damage)
             ... on level 2 of the Dungeon.
             The game lasted 00:00:17 (663 turns).

qw the Shooter (Deep Elf Hunter)                     Turns: 663, Time: 00:00:17

Health: -1/20      AC:  3    Str: 10    XL:     3   Next: 35%
Magic:  5/5        EV: 12    Int: 13    God:
Gold:   48         SH:  0    Dex: 18    Spells: 2/2 levels left

rFire   . . .        a - +0 shortbow
rCold   . . .        (shield currently unavailable)
rNeg    . . .        c - +0 leather armour
rPois   .            (no helmet)
rElec   .            (no cloak)
rCorr   .            (no gloves)
SInv    .            (no boots)
Will    +....        (no amulet)
Stlth   ++           g - ring of willpower
HPRegen 0.23/turn    (no ring)
MPRegen 0.09/turn

%: no passive effects
@: no status effects
A: no striking features
a: no special abilities


You were on level 2 of the Dungeon.
You visited 1 branch of the dungeon, and saw 2 of its levels.

You collected 48 gold pieces.


   Skills:
 - Level 1.5 Fighting
 + Level 6.9 Ranged Weapons
 - Level 2.4 Dodging
 - Level 1.2 Stealth


You had 2 spell levels left.
You didn't know any spells.
Your spell library was empty.

Inventory:

Hand Weapons
 a - a +0 shortbow (weapon)
Armour
 b - a +0 ring mail
 c - a +0 leather armour (worn)
Jewellery
 g - a ring of willpower (left hand)
Scrolls
 e - 2 scrolls of identify
Potions
 f - a potion of enlightenment

Dungeon Overview and Level Annotations

Branches:
Dungeon (2/15)

Altars:

Annotations:
D:2 Robin


Message History

You shoot an arrow. The arrow hits the goblin!
You kill the goblin!
A hobgoblin comes into view.
Robin roars a battlecry!
The goblins go into a battle-frenzy!
You shoot an arrow. The arrow hits the goblin.
The goblin is moderately wounded.
The goblin hits you with a +0 club.
You shoot an arrow.
The arrow hits the goblin but does no damage.
The goblin is moderately wounded.
You shoot an arrow. The arrow hits the goblin.
You kill the goblin!
The goblin completely misses you.
Robin says, "Feeling lonely?"
You shoot an arrow. The arrow hits the goblin.
You kill the goblin!
You shoot an arrow. The arrow hits the goblin.
The goblin is heavily wounded.
You shoot an arrow. The arrow hits the goblin.
You kill the goblin!
You shoot an arrow. The arrow barely misses the goblin.
The goblin hits you with a +0 dagger.
You shoot an arrow. The arrow hits the goblin!
You kill the goblin!
You shoot an arrow. The arrow hits the goblin!
You kill the goblin!
The goblin hits you with a +0 dagger.
You shoot an arrow. The arrow closely misses the goblin.
Robin throws the goblin at you! The goblin hits you with a +0 dagger.
You shoot an arrow. The arrow barely misses the goblin.
The goblin hits you with a +0 dagger.
You shoot an arrow. The arrow hits Robin.
Robin is moderately wounded.
The hobgoblin no longer looks unusually strong.
Robin throws the goblin at you! The goblin hits you but does no damage.
You shoot an arrow. The arrow hits Robin.
Robin is severely wounded.
The goblin hits you with a +0 dagger.
You die...

#.# #.#
#.# #.#
#.# #.#
#<# #g#
#@#
....g.gg#
##..g##.#
#.. #.#
#. #.# #
#.# #..
#..


You could see Robin, 2 hobgoblins and 2 goblins.

Vanquished Creatures
  A dart slug (D:1)
  4 endoplasms (D:1)
  A giant cockroach (D:1)
  3 hobgoblins (D:1)
  2 quokkas (D:1)
  2 ball pythons (D:1)
  5 bats (D:1)
  8 goblins
  6 kobolds (D:1)
  3 rats (D:1)
35 creatures vanquished.

Notes
Turn   | Place    | Note
-------+----------+-------------------------------------------
     0 | D:1      | qw the Deep Elf Hunter began the quest for the Orb.
     0 | D:1      | Reached XP level 1. HP: 12/12 MP: 3/3
     0 | D:1      | 0 ||| qw: Version: 0.3-a-155-g5e7d8dd
     0 | D:1      | 0 ||| qw: Game counter: 2967
     0 | D:1      | 0 ||| qw: Melee chars always use a shield: true
     0 | D:1      | 0 ||| qw: God list: Okawaru
     0 | D:1      | 0 ||| qw: Allow faded altars: false
     0 | D:1      | 0 ||| qw: Do Orc after clearing Dungeon:15 true
     0 | D:1      | 0 ||| qw: Do second Lair branch before Depths: true
     0 | D:1      | 0 ||| qw: Lair rune preference: random
     0 | D:1      | 0 ||| qw: Goals: Normal
     0 | D:1      | 0 ||| PLANNING D:1-11
    65 | D:1      | Reached XP level 2. HP: 12/16 MP: 4/4
    94 | D:1      | Reached skill level 6 in Ranged Weapons
   418 | D:1      | Reached XP level 3. HP: 20/20 MP: 5/5
   634 | D:1      | 634 ||| UPGRADING to ring of willpower.
   635 | D:1      | 635 ||| READING scroll labelled VEBBOB ZUOXKAOBB.
   636 | D:1      | 636 ||| READING 3 scrolls labelled LYUTWI ONENUAM.
   636 | D:1      | 636 ||| IDENTIFYING grey potion
   637 | D:1      | 637 ||| DROPPING scroll of butterflies.
   649 | D:2      | Noticed Robin
   660 | D:2      | HP: 3/20 [goblin/+0 dagger[Robin] (3)]
   662 | D:2      | HP: 1/20 [Robin/goblin (1)]
   663 | D:2      | Slain by a goblin

Levels and vault maps discovered:
D:1:      dpeg_arrival_simpleton_b, layout_rooms, minmay_quantized
D:2:      layout_loops_ring, chequers_jeans, uniq_robin

Skill      XL: |  1  2 |
---------------+-------+-----
Ranged Weapons | 6 |  6.9
Fighting       | |  1.5
Dodging        | |  2.4
Stealth        | |  1.2

Action                     || total
---------------------------++-------
   Fire: Shortbow          ||   100
    Use: Scroll            ||     2
 Armour: Leather armour    ||    26
  Dodge: Dodged            ||    32

Table legend:
 A = Non-vault XP
 B = Vault XP
 C = Vault XP percentage of total XP
 D = Non-vault monster count
 E = Vault monster count
 F = Vault count percentage of total count
                 A         B        C        D         E       F
            +---------+---------+-------+---------+---------+-------
      Total |      45 |      16 |  26.2 |      26 |       9 |  25.7
            +---------+---------+-------+---------+---------+-------
        D:1 |      45 |       4 |   8.2 |      26 |       3 |  10.3
        D:2 |       0 |      12 | 100.0 |       0 |       6 | 100.0
            +---------+---------+-------+---------+---------+-------
